Schlitz, chaotic male orcish Rogue -------- ......|---- ....|*%[| ...|)%]| -----..| .. |((.|..--|--- - |((.-.......@.....- |(( |......--+- | -+------..{...| |.............| --+-..%G.---|------------- | |..-|-|..................- |..|..|----....--------- | -..|..|!%.-....|......| .. |..|%%.|....-...._.| ... --------....|......| ... .......|------- .... --------- -..- --- Schlitz the Cutpurse Experience level: 5 Strength: 13 Dexterity: 18 Constitution: 15 Intelligence: 9 Wisdom: 12 Charisma: 9 Health: 0(36) Energy: 15(15) Def: 5 Gold: 305 Moves: 2264 Dungeon seed: RTCjj0QfQCCM2GjF Game ID: Schlitz_1500373953 Your Inventory: Coins $ - 305 gold pieces Weapons a - a +0 orcish short sword (alternate weapon; not wielded) b - 6 +0 orcish daggers (in quiver) j - the +0 Sting (weapon in hand) s - a +0 sling u - 10 +0 daggers w - a blessed +0 crossbow x - 18 +0 crossbow bolts B - a +0 aklys C - 13 +0 arrows D - a +0 bow G - a +0 crossbow Armor e - a blessed +1 leather armor (being worn) n - an uncursed +0 cloak of invisibility (being worn) y - an uncursed +0 orcish helm (being worn) F - a cursed +0 dwarvish cloak N - an uncursed +0 dwarvish cloak Y - a blessed +1 pair of iron shoes Comestibles g - an uncursed pancake h - 2 uncursed food rations m - an uncursed lichen corpse Scrolls i - 2 uncursed scrolls of identify k - an uncursed scroll of genocide v - an uncursed scroll of remove curse Spellbooks o - an uncursed spellbook of extra healing Potions c - an uncursed potion of sickness l - a blessed potion of gain energy Tools d - an uncursed lock pick f - an uncursed sack A - 17 uncursed tallow candles (0:200) H - 6 uncursed wax candles (0:400) Gems q - an uncursed worthless piece of yellowish brown glass r - 6 uncursed rocks z - an uncursed worthless piece of red glass Spells and supernatural/magical abilities: Name Level Category Fail Memory W - pray for help -- divine ? -- Your skills at the end: Fighting Skills Weapon Skills dagger [Basic] short sword [Basic] Spellcasting Skills Final Attributes: You were piously aligned. You were poison resistant. You were aware of the presence of orcs. You had infravision. You were invisible. You were stealthy. You are dead. Vanquished creatures: 3 gnome lords a gnomish wizard 3 dwarves an acid blob 3 hobbits a giant rat a brown mold 12 gnomes a gecko 9 jackals a kobold 3 goblins 2 sewer rats 2 grid bugs 3 lichens 3 newts 49 creatures vanquished. Voluntary challenges: You used a wielded weapon 76 times, starting on turn 20. You were illiterate. You never genocided any monsters. You never polymorphed an object. You never changed form. You used no wishes. You never split a pudding. You never wrote Elbereth's name. You violated your moral code, losing 30 points of alignment, starting on turn 253. Dungeon overview: The Dungeons of Doom: levels 1 to 3 Level 1 an altar to Kos a long staircase Level 2 a sink stairs to The Gnomish Mines Level 3 a fountain The Gnomish Mines: levels 3 to 5 Level 3 stairs to The Dungeons of Doom Level 4 Level 5 <- You were here some shops, a temple to Issek, a fountain History has recorded: On T:1 you entered the Dungeons of Doom to retrieve the Amulet of Yendor! On T:181 you reached level 2 of The Dungeons of Doom. On T:395 you reached level 3 of The Dungeons of Doom. On T:450 you advanced to experience level 2. On T:1058 you advanced to experience level 3. On T:1543 you reached level 1 of The Gnomish Mines. On T:1569 you advanced to experience level 4. On T:2064 you reached level 2 of The Gnomish Mines. On T:2082 you advanced to experience level 5. On T:2166 you reached level 3 of The Gnomish Mines. Score breakdown: Gold: 305 ( 8455 points) Experience: 5 levels (11141 points) Exploration: 5 levels ( 9.80%) ( 8485 points) Discoveries: 2 items ( 0.70%) ( 2504 points) Valuables value: (no points given unless you survive) Artifact value: 800 ( 9877 points) Variety of kills: 16 monsters ( 4.20%) ( 6147 points) Turncount: 2264 turns ( -184 points) Survival: died (score multiplied by 80%) Total score: 37140 Latest messages: You hear a door open. The door opens. You hit the gnome lord! The gnome lord hits! You hit the gnome lord. The gnome lord hits! You hit the gnome lord. The gnome lord hits! You kill the gnome lord! You see here a gnome lord corpse. This gnome lord corpse tastes terrible! You stop eating. The gnome hits! You hit the gnome. The gnome hits! You hit the gnome. You kill the gnome! The gnome lord hits! (2x) You die... The sack is empty. The sack is empty. Final status: Goodbye Schlitz the Rogue, killed by a gnome lord... You died in The Gnomish Mines on dungeon level 5 with 37140 points, and 305 pieces of gold, after 2264 moves. You were level 5 with a maximum of 36 hit points when you died.